 Dungeon Crawl Stone Soup version 0.29.1-15-g9cfb28693d (webtiles) character file.

Game seed: 849037719728132094

186502 Unknown108 the Tortoise (level 17, -34/244 HPs)
             Began as a Minotaur Berserker on Dec 6, 2023.
             Was a High Priest of Trog.
             Annihilated by Unknown108's illusion (illusionary) (43 damage)
             ... woven by Mara
             ... on level 4 of the Snake Pit.
             The game lasted 03:37:57 (34464 turns).

Unknown108 the Tortoise (Minotaur Berserker)       Turns: 34464, Time: 03:37:59

Health: -34/244    AC: 27    Str: 30    XL:     17   Next: 84%
Magic:  16/16      EV: 15    Int:  7    God:    Trog [*****.]
Gold:   399        SH:  0    Dex: 15    Spells: 16/16 levels left

rFire   + + +      SeeInvis .   O - +7 battleaxe of Amas {flame, rF+++ rC+ Will- Int-4}
rCold   + . .      Faith    .   (shield currently unavailable)
rNeg    + . .      Spirit   .   Y - +0 plate armour of Impermeability {Drain Fly rCorr Int+7}
rPois   +          Reflect  .   u - +2 hat {Stlth+}
rElec   +          Harm     .   F - scarf {shadows}
rCorr   +          Rampage  .   r - +1 pair of gloves of Biyrr {rElec Will+ Stlth+}
Will    +++..                   I - +2 pair of boots
Stlth   ..........              H - amulet of the acrobat
HPRegen 1.50/turn               h - ring of willpower
MPRegen 0.15/turn               j - ring "Bir Yron" {rElec rPois rN+ Will- Dex+5}

@: berserking, strong-willed, flying, regenerating, studying Throwing, very
quick
A: horns 2, retaliatory headbutt
a: Renounce Religion, Berserk, Trog's Hand, Brothers in Arms


You were on level 4 of the Snake Pit.
You worshipped Trog.
Trog was extremely pleased with you.
You visited 5 branches of the dungeon, and saw 27 of its levels.
You also visited: Ossuary, Bailey and Ice Cave.

You collected 2794 gold pieces.
You spent 2395 gold pieces at shops.

Inventory:

Hand Weapons
 y - the +5 hand axe "Weilets" {vamp, Dex+2}
   (You found it on level 3 of the Dungeon)

   It occasionally heals its wielder for a portion of the damage dealt when it
   wounds a living foe.
   Dex:       It affects your dexterity (+2).
 z - a +1 mace of protection
 M - a +2 war axe of electrocution
 N - a +1 battleaxe of freezing
 O - the +7 battleaxe of Amas (weapon) {flame, rF+++ rC+ Will- Int-4}
   (Trog gifted it to you on level 2 of the Orcish Mines)

   It burns those it strikes, dealing additional fire damage.
   Big, fiery blades are also staple armaments of hydra-hunters.
   Int:       It affects your intelligence (-4).
   rF:        It renders you almost immune to fire.
   rC:        It protects you from cold.
   Will:      It decreases your willpower.
 R - the +6 great mace of Wypnurus {freeze, rCorr}
   (You found it in a bailey)

   It freezes those it strikes, dealing additional cold damage.
   It can also slow down cold-blooded creatures.
   rCorr:     It protects you from acid and corrosion.
 T - a +2 battleaxe of venom
 X - a +4 vorpal battleaxe
 Z - the +5 arbalest of Accord {freeze, Dex+4}
   (You bought it in a shop on level 1 of the Snake Pit)

   Any ammunition fired from it freezes those it strikes, dealing additional
   cold damage.
   It can also slow down cold-blooded creatures.
   Dex:       It affects your dexterity (+4).
Missiles
 b - 5 datura-tipped darts
 d - 48 poisoned darts
 e - 7 atropa-tipped darts
 l - 3 silver boomerangs
 q - 14 javelins (quivered)
 J - 5 curare-tipped darts
 K - 4 silver javelins
 L - 17 boomerangs
Armour
 k - a +2 kite shield of cold resistance
 r - the +1 pair of gloves of Biyrr (worn) {rElec Will+ Stlth+}
   (You bought it in a shop on level 11 of the Dungeon)

   rElec:     It insulates you from electricity.
   Will:      It increases your willpower.
   Stlth:     It makes you more stealthy.
 u - a +2 hat of stealth (worn)
 B - a +2 plate armour of cold resistance
 F - a scarf of shadows (worn)
 G - a +0 chain mail of willpower
 I - a +2 pair of boots (worn)
 P - the +1 leather armour "Dehokk" {Str+5}
   (You found it on level 15 of the Dungeon)

   Str:       It affects your strength (+5).
 Q - a +2 robe of positive energy
 Y - the +0 plate armour of Impermeability (worn) {Drain Fly rCorr Int+7}
   (You bought it in a shop on level 2 of the Orcish Mines)

   Int:       It affects your intelligence (+7).
   Fly:       It grants you flight.
   rCorr:     It protects you from acid and corrosion.
   Drain:     It drains your maximum health when unequipped.
Jewellery
 h - a ring of willpower (left hand)
 j - the ring "Bir Yron" (right hand) {rElec rPois rN+ Will- Dex+5}
   (You acquired it in a bailey)

   [ring of poison resistance]

   Dex:       It affects your dexterity (+5).
   rElec:     It insulates you from electricity.
   rPois:     It protects you from poison.
   rN:        It protects you from negative energy.
   Will:      It decreases your willpower.
 n - a ring of positive energy
 x - a +4 ring of protection
 H - an amulet of the acrobat (around neck)
 U - the ring "Ymesch" {EV+4 Dex+3}
   (You found it on level 5 of the Lair of Beasts)

   [ring of evasion]

   EV:        It affects your evasion (+4).
   Dex:       It affects your dexterity (+3).
Wands
 c - a wand of polymorph (5)
 f - a wand of mindburst (17)
 o - a wand of charming (21)
 v - a wand of roots (3)
 W - a wand of quicksilver (3)
Scrolls
 a - 7 scrolls of fog
 p - 2 scrolls of summoning
 A - a scroll of blinking
 S - 6 scrolls of fear
 V - 11 scrolls of teleportation
Potions
 g - 10 potions of curing
 i - 3 potions of heal wounds
 s - 6 potions of lignification
 t - 8 potions of attraction
 w - 5 potions of haste
 D - 5 potions of might
 E - 7 potions of cancellation
Miscellaneous
 m - a lightning rod (4/4)
 C - a piece from Xom's chessboard (15/15)


   Skills:
 + Level 17.9 Fighting
 - Level 10.4 Long Blades
 * Level 19.3 Axes
 + Level 6.6 Throwing
 * Level 20.0 Armour
 + Level 14.2 Dodging
 + Level 9.8 Shields


You had 16 spell levels left.
You didn't know any spells.
Your spell library was empty.

Dungeon Overview and Level Annotations

Branches:
Dungeon (15/15)            Temple (1/1) D:7            Lair (5/5) D:9
 Shoals (0/4) Lair:3        Snake (4/4) Lair:2        Slime (0/5) Lair:4
    Orc (2/2) D:12            Elf (0/3) Orc:2        Vaults (0/5) D:14
 Depths (0/4) D:15        Ossuary (visited)          Bailey (visited)
  IceCv (visited)

Altars:
Ashenzari
Cheibriados
Dithmenos
Elyvilon
Fedhas
Gozag
Hepliaklqana
Kikubaaqudgha
Makhleb
Nemelex Xobeh
Okawaru
Qazlal
Ru
Sif Muna
Trog
Uskayaw
Vehumet
Wu Jian
Xom
Yredelemnul
Zin
The Shining One
Jiyva
Lugonu

Shops:
D:4 [   D:5 (*   D:11 ([[[   Orc:2 ?*[=?   Snake:1 (!

Portals:
Abyss: Lair:5
Pandemonium: Orc:2

Annotations:
Snake:4 Mara


Innate Abilities, Weirdness & Mutations

You have a pair of horns on your head.
You reflexively headbutt those who attack you in melee.


Message History

You slice the guardian serpent!! You burn the guardian serpent.
You kill the guardian serpent!
Trog accepts your kill.
Trog appreciates your killing of a magic user.
You slash the naga warrior! You burn the naga warrior.
You slash Unknown108's illusion! You completely miss the naga warrior.
You slash Mara! You burn Mara.
The naga warrior hits you with a +0 dire flail!
Mara hits you with a +2 vampiric demon whip!
You slice the naga warrior!! You burn the naga warrior.
You kill the naga warrior!
Trog accepts your kill.
You slice Mara!! You burn Mara. You slice the naga warrior!!
You burn the naga warrior.
You kill the naga warrior!
Trog accepts your kill.
You closely miss Unknown108's illusion. You slash Mara! You burn Mara.
Unknown108's illusion hits you!!
* * * LOW HITPOINT WARNING * * *
Unknown108's illusion burns you.
* * * LOW HITPOINT WARNING * * *
Your ogre hits Mara with a +0 giant club!!
A salamander tyrant comes into view.
Mara blinks!
You closely miss Mara.
Mara is almost dead.
You hit Unknown108's illusion but do no damage.
You miss Mara. Unknown108's illusion hits you!
* * * LOW HITPOINT WARNING * * *
Unknown108's illusion burns you.
* * * LOW HITPOINT WARNING * * *
You are too berserk!
You slice Mara like a ripe choko!!!
You kill Mara!
Mara shimmers and vanishes!
You barely miss Unknown108's illusion. You completely miss Mara.
Your ogre misses Mara.
Mara hits you with a +2 vampiric demon whip!!
* * * LOW HITPOINT WARNING * * *
Mara draws strength from your wounds! Unknown108's illusion hits you!!!
You die...

....##.#.##....)).....##.###
# .# #.#.###......))...#.# #
....##########)...#.# #
....###......)))..##.# #
....##..........)####.. #
.....#.....######## #..
#....### ... .) ##.....####
### ##.R.@@).## ##..)RO..#
####N†.## #.....# N....N...
.....⌠..... #.....N.....#
....8...8....


You could see 2 Maras, a naga warrior (fast), a salamander tyrant (strong), a
salamander mystic (strong), Unknown108's illusion (berserk) and a friendly ogre
(summoned, berserk).

Vanquished Creatures
  The ghost of coffeetime the Warrior, an adept MiBe of Trog (Snake:2)
  Roxanne (Snake:2)
  A frost giant (IceCv)
  3 nagarajas
  The ghost of croobank the Thaumaturge, a journeyman GnFE of Sif Muna (Orc:2)
  Snorg (Orc:2)
  8 vault guards (D:14)
  Josephine (D:10)
  A fire dragon (D:13)
  4 boulder beetles
  9 hydras
  An ogre mage (Orc:2)
  A centaur warrior (D:14)
  13 anacondas
  16 naga warriors
  8 two-headed ogres
  2 death yaks
  3 demonspawn (Orc:2)
  2 tengu warriors
  Urug (Lair:5)
  5 orc high priests (Orc:2)
  A titan zombie (D:15)
  A vampire mage (D:15)
  4 shock serpents
  14 naga sharpshooters
  4 thrashing horrors (Lair:5)
  A shock serpent (shapeshifter) (Lair:5)
  5 skeletal warriors (D:15)
  3 salamander mystics (Snake:2)
  5 naga ritualists
  A deep troll (Orc:2)
  Pikel (D:7)
  A tengu zombie (D:15)
  8 mana vipers
  A necromancer (D:15)
  4 orc knights (Orc:2)
  4 cyclopes
  9 salamanders
  5 manticores
  5 orc sorcerers (Orc:2)
  12 ugly things
  16 elephants
  35 black mambas
  An ice statue (IceCv)
  A merfolk siren (Lair:3)
  9 guardian serpents
  Joseph (D:7)
  2 smoke demons (Lair:5)
  2 torpor snails
  2 gargoyles (D:13)
  2 orange demons (D:12)
  12 naga magi
  12 cane toads
  A large abomination (Lair:5)
  2 unseen horrors
  Maggie (D:6)
  5 rime drakes
  An ice devil (Orc:2)
  A kobold demonologist (D:11)
  An efreet (D:15)
  4 komodo dragons
  Psyche (D:8)
  2 tengu conjurers
  2 red devils (D:12)
  A freezing wraith (D:12)
  2 trolls
  2 ancient zymes (Lair:5)
  2 meliai (D:14)
  A meliai (shapeshifter) (Lair:5)
  A wind drake (shapeshifter) (D:13)
  10 polar bears
  Prince Ribbit (D:8)
  An ettin zombie (D:15)
  4 slime creatures (D:12)
  Grinder (D:6)
  3 dream sheep (Lair:3)
  14 blink frogs
  9 wraiths
  8 basilisks
  2 shadows
  6 spriggans (Bailey)
  A basilisk (shapeshifter) (D:14)
  2 wyverns
  65 yaks
  A chaos spawn (Lair:5)
  3 water elementals (D:12)
  2 ynoxinuls (Lair:5)
  2 steam dragons
  A glowing shapeshifter zombie (D:15)
  A redback (shapeshifter) (D:12)
  Grum (D:10)
  8 vampire mosquitoes
  A neqoxec (Orc:2)
  A death yak simulacrum (Lair:4)
  5 wargs
  3 acid dragons
  33 nagas
  9 water moccasins
  29 orc warriors
  A black bear (shapeshifter) (Lair:5)
  2 sky beasts
  An ice beast (D:6)
  4 black bears
  10 ogres
  46 wolves
  3 centaurs
  A lemure (D:7)
  4 kobold brigands
  3 elf zombies (Ossuary)
  Blork the orc (D:6)
  8 bullfrogs
  A necrophage (D:8)
  2 gnoll sergeants
  A cane toad simulacrum (Lair:4)
  3 scorpions
  4 wights (D:6)
  8 small abominations (Lair:5)
  10 killer bees (D:14)
  7 electric eels
  9 howler monkeys
  3 centaur zombies (Ossuary)
  3 hounds
  2 human zombies (Ossuary)
  2 jellies
  2 gnoll boudas
  22 orc priests
  Crazy Yiuf (D:7)
  4 iguanas
  19 orc wizards
  5 hell rats (Lair:3)
  A statue (D:8)
  2 wolf simulacra (Lair:4)
  3 mummies
  21 gnolls
  8 adders
  4 shadow imps
  2 white imps (D:8)
  2 ufetubi
  4 worms
  2 dart slugs
  56 orcs
  5 endoplasms
  8 giant cockroaches
  12 goblins
  5 hobgoblins
  3 jackals (D:3)
  13 quokkas
  6 ball pythons
  4 bats
  3 frilled lizards
  9 hobgoblin zombies (Ossuary)
  3 jackal zombies (Ossuary)
  10 kobolds
  9 kobold zombies (Ossuary)
  8 orc zombies (Ossuary)
  8 rats
  A spectral goblin (D:9)
928 creatures vanquished.

Vanquished Creatures (collateral kills)
  A boulder beetle (D:11)
  3 death yaks (Lair:3)
  2 orc high priests (Orc:2)
  A slime creature (D:12)
  A sun demon (Orc:2)
  An ugly thing (D:14)
  An orc sorcerer (Orc:2)
  A manticore (D:11)
  4 orange demons (D:12)
  A rime drake (Lair:4)
  A red devil (D:12)
  A meliai (D:14)
  A queen bee (D:14)
  A yak (Lair:3)
  A neqoxec (Orc:2)
  An orc warrior (Orc:2)
  A wolf (Lair:4)
  A killer bee (D:14)
  An orc priest (Orc:2)
25 creatures vanquished.

Vanquished Creatures (others)
  24 fungi
  118 plants
  3 withered plants (D:15)
145 creatures vanquished.

Grand Total: 1098 creatures vanquished

Notes
Turn   | Place    | Note
-------+----------+-------------------------------------------
     0 | D:1      | Unknown108 the Minotaur Berserker began the quest for the
                  | Orb.
     0 | D:1      | Reached XP level 1. HP: 19/19 MP: 0/0
   345 | D:1      | Found a faded altar of an unknown god.
   365 | D:1      | Reached XP level 2. HP: 27/27 MP: 1/1
   670 | D:1      | You fall into a shaft and drop 1 floor!
   876 | D:1      | Reached skill level 3 in Armour
   884 | D:1      | Reached ** piety under Trog
   885 | D:1      | Reached XP level 3. HP: 29/33 MP: 2/2
  1902 | D:2      | Reached XP level 4. HP: 40/40 MP: 3/3
  2054 | D:3      | Identified the +5 hand axe "Weilets" {vamp, Dex+2}
  2149 | D:3      | Found a shadowy altar of Dithmenos.
  2296 | D:3      | Reached *** piety under Trog
  2560 | D:4      | Reached skill level 4 in Armour
  2597 | D:4      | Found a sand-covered staircase.
  2602 | D:4      | Reached XP level 5. HP: 47/47 MP: 4/4
  2605 | Ossuary  | Entered an ossuary
  2809 | Ossuary  | Reached **** piety under Trog
  2812 | Ossuary  | Reached skill level 5 in Axes
  2826 | Ossuary  | Reached XP level 6. HP: 29/55 MP: 5/5
  2831 | Ossuary  | Reached skill level 5 in Armour
  2988 | Ossuary  | Reached skill level 5 in Fighting
  3001 | Ossuary  | Reached XP level 7. HP: 58/61 MP: 6/6
  3460 | D:4      | Found Ceirots's Armour Emporium.
  3556 | D:4      | Bought a scarf of shadows for 168 gold pieces
  3556 | D:4      | Bought a +0 kite shield for 63 gold pieces
  3637 | D:4      | Found a snail-covered altar of Cheibriados.
  3643 | D:4      | Reached skill level 6 in Armour
  3856 | D:5      | Entered Level 5 of the Dungeon
  3856 | D:5      | Found Xoehuyr's Antique Weapon Emporium.
  4409 | D:5      | Found Umerol's Overcharged Wands.
  4456 | D:5      | Reached XP level 8. HP: 70/70 MP: 7/7
  4577 | D:5      | Reached skill level 7 in Armour
  4592 | D:5      | Found an opulent altar of Gozag.
  5006 | D:6      | Reached skill level 5 in Dodging
  5009 | D:6      | Noticed Maggie
  5208 | D:6      | Found a hide-covered altar of Uskayaw.
  5230 | D:6      | Noticed Grinder
  5237 | D:6      | Killed Grinder
  5238 | D:6      | Reached skill level 8 in Armour
  5413 | D:6      | Killed Maggie
  5414 | D:6      | Reached XP level 9. HP: 78/78 MP: 8/8
  5551 | D:6      | Reached skill level 1 in Long Blades
  5686 | D:6      | Noticed Blork the orc
  5693 | D:6      | Killed Blork the orc
  5694 | D:6      | Reached skill level 9 in Armour
  5887 | D:7      | Noticed Joseph
  5896 | D:7      | Killed Joseph
  5953 | D:7      | Noticed a moth of wrath
  6231 | D:7      | Noticed Pikel
  6252 | D:7      | Killed Pikel
  6258 | D:7      | Noticed a two-headed ogre
  6284 | D:7      | Killed a two-headed ogre
  6285 | D:7      | Reached skill level 10 in Armour
  6285 | D:7      | Reached XP level 10. HP: 88/90 MP: 9/9
  6408 | D:7      | Found a staircase to the Ecumenical Temple.
  6433 | Temple   | Entered the Ecumenical Temple
  6436 | Temple   | Found a transporter.
  6436 | Temple   | Found a transporter.
  6438 | Temple   | Found a transporter.
  6438 | Temple   | Found a transporter.
  6582 | D:7      | Found a stormy altar of Qazlal.
  6704 | D:7      | Found a runed translucent door.
  6705 | D:7      | Noticed Crazy Yiuf
  6834 | D:7      | Found a bloodstained altar of Trog.
  6974 | D:7      | Killed Crazy Yiuf
  7038 | D:8      | Found a broken altar of Ashenzari.
  7074 | D:8      | Noticed Prince Ribbit
  7089 | D:8      | Killed Prince Ribbit
  7594 | D:8      | Found a radiant altar of Vehumet.
  7898 | D:8      | Noticed Psyche
  7949 | D:8      | Killed Psyche
  8403 | D:9      | Reached skill level 10 in Axes
  8445 | D:9      | Reached skill level 11 in Armour
  8542 | D:9      | Found a white marble altar of Elyvilon.
  8569 | D:9      | Noticed a two-headed ogre
  8578 | D:9      | Killed a two-headed ogre
  8579 | D:9      | Reached skill level 10 in Fighting
  8709 | D:9      | Found a flagged portal.
  8717 | Bailey   | Entered a bailey
  8732 | Bailey   | Reached skill level 5 in Long Blades
  8796 | Bailey   | Noticed a two-headed ogre
  8813 | Bailey   | Killed a two-headed ogre
  8814 | Bailey   | Reached XP level 11. HP: 64/101 MP: 10/10
  8903 | Bailey   | Identified a scroll of acquirement
  8903 | Bailey   | Acquired the ring "Bir Yron" {rElec rPois rN+ Will- Dex+5}
  8926 | Bailey   | Identified the +6 great mace of Wypnurus {freeze, rCorr}
  9043 | D:9      | Noticed a two-headed ogre
  9050 | D:9      | Killed a two-headed ogre
  9114 | D:9      | Found a staircase to the Lair.
  9172 | D:9      | Found a hazy altar of Hepliaklqana.
  9199 | D:9      | Reached skill level 12 in Armour
  9433 | D:9      | Reached ***** piety under Trog
  9475 | D:9      | Noticed a two-headed ogre
  9481 | D:9      | Killed a two-headed ogre
  9606 | D:10     | Entered Level 10 of the Dungeon
  9671 | D:10     | Noticed Josephine
  9688 | D:10     | Killed Josephine
  9855 | D:10     | Noticed a boulder beetle
  9866 | D:10     | Killed a boulder beetle
  9999 | D:10     | Found a glowing golden altar of the Shining One.
 10371 | D:10     | Noticed Grum
 10388 | D:10     | Killed Grum
 10515 | D:11     | Reached skill level 13 in Armour
 10667 | D:11     | Found Doemin's Armour Shoppe.
 10684 | D:11     | Found Rueg's Armour Emporium.
 10693 | D:11     | Bought the +0 ring mail "Umpot" {Regen+ rCorr} for 265 gold
                  | pieces
 10797 | D:11     | Reached XP level 12. HP: 112/112 MP: 11/11
 10827 | D:11     | Found Anait's Antique Armour Shop.
 10844 | D:11     | Noticed a two-headed ogre
 10853 | D:11     | Killed a two-headed ogre
 11174 | D:11     | Found Xipal's Weapon Boutique.
 11321 | D:11     | Noticed a boulder beetle
 11323 | D:11     | Noticed a five-headed hydra
 11340 | D:11     | Killed a one-headed hydra
 11352 | D:11     | Killed a boulder beetle
 11642 | Lair:1   | Entered Level 1 of the Lair of Beasts
 11925 | Lair:1   | Noticed a seven-headed hydra
 11937 | Lair:1   | Killed a three-headed hydra
 12090 | Lair:1   | Reached skill level 14 in Armour
 12354 | Lair:1   | Reached skill level 10 in Dodging
 12354 | Lair:1   | Reached XP level 13. HP: 122/122 MP: 12/12
 12835 | Lair:2   | Found a staircase to the Snake Pit.
 13449 | Lair:3   | Reached skill level 15 in Armour
 13792 | Lair:3   | Reached XP level 14. HP: 107/132 MP: 13/13
 13819 | Lair:3   | Reached skill level 10 in Long Blades
 14418 | Lair:3   | Found a staircase to the Shoals.
 15265 | Lair:4   | Reached skill level 15 in Fighting
 15330 | Lair:4   | Found a frozen archway.
 15351 | IceCv    | Entered an ice cave
 15689 | IceCv    | Received a gift from Trog
 15812 | IceCv    | Reached skill level 16 in Armour
 16250 | IceCv    | Noticed a frost giant
 16288 | IceCv    | Killed a frost giant
 16703 | Lair:4   | Found a viscous altar of Jiyva.
 16703 | Lair:4   | Found a staircase to the Slime Pits.
 17139 | D:11     | Bought the +1 pair of gloves of Biyrr {rElec Will+ Stlth+}
                  | for 510 gold pieces
 17179 | D:12     | Found a gate leading to a gauntlet.
 17475 | D:12     | Reached skill level 1 in Shields
 18733 | D:12     | Found a staircase to the Orcish Mines.
 19066 | Orc:1    | Entered Level 1 of the Orcish Mines
 19717 | Orc:1    | Reached XP level 15. HP: 143/143 MP: 14/14
 19999 | Orc:2    | Entered Level 2 of the Orcish Mines
 20001 | Orc:2    | Found a staircase to the Elven Halls.
 20006 | Orc:2    | Identified the +7 battleaxe of Amas {flame, rF+++ rC+ Will-
                  | Int-4} (Trog gifted it to you on level 2 of the Orcish
                  | Mines)
 20006 | Orc:2    | Received a gift from Trog
 20029 | Orc:2    | Found Woesch's Magic Scroll Shoppe.
 20054 | Orc:2    | Reached skill level 15 in Axes
 20324 | Orc:2    | Found Ukkerit's General Store.
 20327 | Orc:2    | Noticed Snorg
 20336 | Orc:2    | Found Doiruer's Magic Scroll Shop.
 20347 | Orc:2    | Killed Snorg
 20407 | Orc:2    | Bought the +0 plate armour of Impermeability {Drain Fly
                  | rCorr Int+7} for 608 gold pieces
 20424 | Orc:2    | Bought a scroll of identify for 28 gold pieces
 20424 | Orc:2    | Bought a scroll of identify for 28 gold pieces
 20424 | Orc:2    | Bought a scroll of enchant weapon for 105 gold pieces
 20984 | Orc:2    | Paralysed by an orc sorcerer for 4 turns
 20994 | Orc:2    | Received a gift from Trog
 21006 | Orc:2    | Reached skill level 5 in Shields
 21007 | Orc:2    | Found Dexi's Antique Armour Shoppe.
 21007 | Orc:2    | Found a one-way gate leading to the halls of Pandemonium.
 21007 | Orc:2    | Found Musemeom's Jewellery Emporium.
 21016 | Orc:2    | Reached skill level 17 in Armour
 21292 | Orc:2    | Found a runed translucent door.
 21294 | Orc:2    | Noticed croobank's ghost (journeyman GnFE)
 21542 | Orc:2    | Killed croobank's ghost
 23728 | D:14     | Received a gift from Trog
 23830 | D:14     | Found a gate to the Vaults.
 24534 | D:14     | Identified the +4 quarterstaff "Laruorch" {spect, rElec
                  | rCorr Int+3 Dex-4}
 24676 | D:15     | Entered Level 15 of the Dungeon
 24713 | D:15     | Identified the +1 leather armour "Dehokk" {Str+5}
 24956 | D:15     | Reached XP level 16. HP: 116/152 MP: 15/15
 25060 | D:15     | Found a shadowy altar of Dithmenos.
 25249 | D:15     | Found a staircase to the Depths.
 26657 | Lair:5   | Entered Level 5 of the Lair of Beasts
 26677 | Lair:5   | Noticed Urug
 26692 | Lair:5   | Killed Urug
 26801 | Lair:5   | Reached skill level 18 in Armour
 27865 | Lair:5   | Identified the ring "Ymesch" {EV+4 Dex+3}
 27954 | Lair:5   | Found a corrupted altar of Lugonu.
 27954 | Lair:5   | Found a one-way gate to the infinite horrors of the Abyss.
 28516 | Snake:1  | Entered Level 1 of the Snake Pit
 28762 | Snake:1  | Reached ****** piety under Trog
 29059 | Snake:1  | Reached skill level 1 in Throwing
 29754 | Snake:1  | Found Caohyh's Distillery.
 29758 | Snake:1  | Found Uhiuges's Antique Weapon Boutique.
 29765 | Snake:1  | Bought a steaming arbalest for 294 gold pieces
 29765 | Snake:1  | Identified the +5 arbalest of Accord {freeze, Dex+4} (You
                  | bought it in a shop on level 1 of the Snake Pit)
 29765 | Snake:1  | Bought a runed hand axe for 186 gold pieces
 29769 | Snake:1  | Bought 2 potions of heal wounds for 140 gold pieces
 30382 | Snake:2  | Received a gift from Trog
 30601 | Snake:2  | Reached skill level 19 in Armour
 30632 | Snake:2  | Reached XP level 17. HP: 84/161 MP: 7/16
 31295 | Snake:2  | Found a runed translucent gate.
 31296 | Snake:2  | Found a runed translucent gate.
 31297 | Snake:2  | Found a runed translucent gate.
 31297 | Snake:2  | Noticed coffeetime's ghost (adept MiBe)
 31317 | Snake:2  | Killed coffeetime's ghost
 31878 | Snake:2  | Noticed Roxanne
 32095 | Snake:2  | Killed Roxanne
 32395 | Snake:3  | Reached skill level 5 in Throwing
 32571 | Snake:3  | Received a gift from Trog
 33284 | Snake:4  | Entered Level 4 of the Snake Pit
 34321 | Snake:4  | Received a gift from Trog
 34453 | Snake:4  | Noticed Mara
 34456 | Snake:4  | Noticed Unknown108's illusion
 34460 | Snake:4  | Reached skill level 20 in Armour
 34464 | Snake:4  | HP: 9/244 [Mara/+2 vampiric demon whip (25)]
 34464 | Snake:4  | Annihilated by Unknown108's illusion (illusionary)

Illustrated notes

Levels and vault maps discovered:
D:1:      lemuel_arrival_tunnels, layout_basic, ebering_ecumenical_altar_webs
D:2:      minmay_spotlight, layout_basic
D:3:      layout_rooms, nicolae_overflow_hidden_temple
D:4:      layout_rooms, kennysheep_slug_shrine, gup_ossuary_entry_pyramid,
          serial_shops, nicolae_inconvenience_store
D:5:      kennysheep_spiral_hall, layout_loops_ring, general_overflow_altar,
          serial_shops, nicolae_stop_n_shop_2, nicolae_shop_overcharged_wands
D:6:      layout_basic, eat_drink_and_be_merry_uskayaw, uniq_grinder,
          uniq_maggie, uniq_blork_the_orc
D:7:      layout_loops_cross, nicolae_qazlal_general_emergency, tgw_trog,
          minmay_temple_entry_tees, uniq_joseph, uniq_crazy_yiuf_cottage,
          uniq_pikel
D:8:      layout_layer_cave, cheibrodos_ashenzari_chains, vehumet_statue,
          nicolae_titane, uniq_prince_ribbit1, uniq_psyche
D:9:      layout_irregular_city, nicolae_hepliaklqana_monster_ancestors,
          mainiacjoe_overflow_small_starburst, dpeg_oklobed_lair,
          enter_bailey_3, nicolae_two_hexagons
D:10:     layout_loops_ring, tso_metal_star, nzn_sisyphean_effort,
          uniq_josephine, uniq_grum
D:11:     layout_irregular_city, serial_shops, nicolae_stop_n_shop_1, shop,
          nicolae_shop_statue_plus, nicolae_shop_advertising_works
          [nicolae_subvault_shop_adworks], minmay_starry_boxes
D:12:     layout_basic, orc_0_dummy, gauntlet_entry_generic,
          minmay_beelzebubs_servants
D:13:     layout_gridville
D:14:     layout_cave_pools, erik_vaults_2, hellmonk_bongcloud_opening,
          nicolae_looking_at_the_future
D:15:     gammafunk_depths_entry_grave, layout_basic,
          nicolae_dithmenos_shadow_blocks, hex_intersection
Temple:   hellmonk_temple_divided_pantheon
Lair:1:   layout_chaotic_city, grunt_megastairs_1
Lair:2:   layout_roguey, guppyfry_snake_entry_island,
          chequers_serial_rivers_small_b
Lair:3:   layout_cave_pods, minmay_shoals_entry_lonely_mermaid,
          serial_bayou_shore_a, grunt_megastairs_2
Lair:4:   layout_regular_city, dpeg_slime_entry_corner,
          portal_ice_cave_entry_ice_simulacra
Lair:5:   hellmonk_lair_end_abyssal_woods, layout_concentric_octagons,
          serial_bayou, serial_bayou_ford_a, serial_bayou_lagoon_a,
          serial_bayou_pond_c, serial_bayou_pond_b, serial_bayou_pond_b,
          lemuel_fruit_tree, uniq_urug
Snake:1:  layout_chambers, minmay_shop_star
Snake:2:  layout_gridlike, ebering_ghost_rock_garden, st_stairs_12,
          nicolae_snake_lava_pool, uniq_roxanne
Snake:3:  layout_misc_corridors
Snake:4:  grunt_snake_rune_serpentine_throne, layout_misc_corridors,
          nicolae_snake_gridmaze_waves, corexii_hall_statues_x,
          serial_bayou_pond_b, uniq_mara
Orc:1:    layout_caves, hangedman_feature_mirror, nicolae_orc_rockfall,
          nooodl_orcs_dogs
Orc:2:    pf_orc_diabolical, layout_caves, hellmonk_ghost_happy_afterlife,
          nicolae_orc_sculptors_studio, guppyfry_orc_lava_fort, uniq_snorg

Skill      XL: |  1  2  3  4  5  6  7  8  9 10 11 12 13 14 15 16 17 |
---------------+----------------------------------------------------+-----
Fighting       | 4 5 6 8 10 12 13 14 15 16 17 | 17.9
Axes           | 4 5 6 7 8 9 10 11 12 13 14 16 18 19 | 19.3
Armour         | 3 4 5 6 8 10 11 13 14 15 16 17 19 20 | 20.0
Dodging        | 3 4 5 6 7 8 10 11 12 13 14 | 14.2
Long Blades    | 3 5 6 9 10 | 10.4
Shields        | 3 6 8 9 |  9.8
Throwing       | 3 6 |  6.6

Action                   |  1- 3 |  4- 6 |  7- 9 | 10-12 | 13-15 | 16-18 || total
-------------------------+-------+-------+-------+-------+-------+-------++-------
Melee: Hand axe          |    39 |   138 |   237 |   545 |  1314 |    96 ||  2369
       Headbutt          |     7 |    28 |    43 |   122 |   408 |   217 ||   825
       War axe           |    47 |    10 |       |       |       |       ||    57
       Punch             |     1 |     1 |       |    11 |    10 |     4 ||    27
       Scimitar          |       |       |       |    18 |    13 |       ||    31
       Battleaxe         |       |       |       |       |   123 |   678 ||   801
       Great mace        |       |       |       |       |     4 |     6 ||    10
       Mace              |       |       |       |       |     1 |       ||     1
Throw: Stone             |       |       |     4 |       |       |       ||     4
Invok: Berserk           |       |       |     3 |    10 |    11 |     6 ||    30
       Brothers in Arms  |       |       |       |     1 |     9 |     2 ||    12
       Trog's Hand       |       |       |       |       |     4 |     4 ||     8
  Use: Scroll            |       |       |    10 |    15 |    14 |     5 ||    44
       Potion            |       |       |       |     6 |     7 |     1 ||    14
 Stab: Invisible         |       |       |       |     1 |       |       ||     1
       Distracted        |       |       |       |       |     2 |     1 ||     3
Armor: Animal skin       |     5 |       |       |       |       |       ||     5
       Ring mail         |     4 |       |       |    37 |    48 |       ||    89
       Scale mail        |    12 |    64 |    51 |       |       |       ||   127
       Chain mail        |       |       |     7 |   153 |    38 |       ||   198
       Plate armour      |       |       |       |       |   514 |   346 ||   860
Dodge: Dodged            |    62 |    69 |   112 |   327 |   744 |   503 ||  1817
Block: Kite shield       |       |       |       |       |   250 |       ||   250
